 Dungeon Crawl Stone Soup version 0.26-a0-670-g578ab304f5 (webtiles) character file.

Game seed: 4851552571368172780

68 PentaManta the Skirmisher (level 4, 0/37 HPs)
             Began as a Formicid Abyssal Knight on Oct 18, 2020.
             Was a Follower of Lugonu.
             Succumbed to an adder's poison
             ... on level 1 of the Dungeon.
             The game lasted 00:04:35 (2368 turns).

PentaManta the Skirmisher (Formicid Abyssal Knight) Turns: 2368, Time: 00:04:36

Health: 0/37       AC:  3    Str: 18    XL:     4   Next: 41%
Magic:  5/5        EV: 11    Int: 11    God:    Lugonu [*.....]
Gold:   162        SH:  0    Dex: 10    Spells: 3/3 levels left

rFire    + . .     SeeInvis +   a - +1 hand axe
rCold    + . .     Faith    .   (no shield)
rNeg     . . .     Spirit   .   b - +0 leather armour
rPois    +         Reflect  .   (helmet unavailable)
rElec    +         Harm     .   (no cloak)
rCorr    +         Rampage  .   (no gloves)
MR       .....                  (no boots)
Stlth    +.........             (no amulet)
HPRegen  0.12/turn              (no ring)
MPRegen  0.09/turn              (no ring)

@: lethally poisoned (0 -> -3), resistant, invisible
A: permanent stasis, dig shafts and tunnels, four strong arms, antennae 3
a: Dig, Shaft Self, Depart the Abyss, Renounce Religion


You were on level 1 of the Dungeon.
You worshipped Lugonu.
Lugonu was aware of your devotion.
You visited 1 branch of the dungeon, and saw 2 of its levels.
You visited the Abyss 1 time.

You collected 162 gold pieces.

Inventory:

Hand Weapons
 a - a +1 hand axe (weapon)
 d - a cursed -1 hunting sling
 o - a +0 whip
 q - a +0 mace
Armour
 b - a +0 leather armour (worn)
Scrolls
 c - a scroll of random uselessness {unknown}
 f - 2 scrolls of amnesia {unknown}
 g - a scroll of fear {unknown}
 i - 3 scrolls of identify {unknown}
 k - 2 scrolls of blinking {unknown}
 m - a scroll of remove curse {unknown}
 n - 2 scrolls of teleportation {unknown}
Potions
 h - 4 potions of curing {unknown}
 l - a potion of cancellation {unknown}
 p - a potion of heal wounds {unknown}


   Skills:
 + Level 3.9 Fighting
 * Level 3.4 Axes
 + Level 3.0 Armour
 - Level 0.8 Dodging
 - Level 2.1 Invocations


You had 3 spell levels left.
You didn't know any spells.
Your spell library was empty.

Dungeon Overview and Level Annotations

Branches:
Dungeon (2/15)

Altars:


Innate Abilities, Weirdness & Mutations

You cannot be hasted, slowed, berserked, paralysed or teleported.
You can dig through walls and to a lower floor.
Your four strong arms can wield two-handed weapons with a shield.
You have a pair of large antennae on your head. (SInv)


Message History

You barely miss the adder. You hit the hobgoblin but do no damage.
The adder closely misses you. The hobgoblin hits you with a +0 club.
* * * LOW HITPOINT WARNING * * *
The adder bites you.
* * * LOW HITPOINT WARNING * * *
You hit the adder but do no damage. You hit the hobgoblin but do no damage.
You feel sick. The adder barely misses you.
The hobgoblin hits you with a +0 club.
* * * LOW HITPOINT WARNING * * *
The hobgoblin hits you with a +0 club.
* * * LOW HITPOINT WARNING * * *
It was a potion of resistance.
You feel protected. The adder barely misses you.
The hobgoblin hits you but does no damage.
The adder bites you.
* * * LOW HITPOINT WARNING * * *
It was a potion of invisibility.
You fade into invisibility!
You die...

############ #....†.....# #####
#..#####.#.# #...#
###.#.###.##.##
##...#############...##.#.###..#
.'...[.........>g..####...####.#
##...####.####.S@#.............#
#...# #.####.).######...####.#
##...# #.##.........##.#.##...#
.#...# #.##.###.....#.###.#.###
.#...# #.##.# #......## ##..#
.##### #.##.# #.......# #### .#
#.##.# #.......# .# #.##.#
#.......# .#### #.##.# #########


You could see an adder and a hobgoblin.

Vanquished Creatures
  An adder (D:2)
  An ooze (D:1)
  A worm (D:2)
  2 dart slugs (D:1)
  A leopard gecko (D:2)
  An orc (D:2)
  A ball python (D:1)
  8 bats
  3 giant cockroaches
  3 goblins (D:1)
  7 hobgoblins (D:1)
  2 quokkas (D:2)
  A frilled lizard (D:1)
  6 kobolds
  6 rats
44 creatures vanquished.

Vanquished Creatures (others)
  13 plants (D:2)
13 creatures vanquished.

Grand Total: 57 creatures vanquished

Notes
Turn   | Place    | Note
-------+----------+-------------------------------------------
     0 | Abyss:1  | PentaManta the Formicid Abyssal Knight began the quest for
                  | the Orb.
     0 | Abyss:1  | Reached XP level 1. HP: 18/18 MP: 2/2
    52 | Abyss:1  | Noticed a lich
    75 | Abyss:1  | Noticed an apocalypse crab
    83 | D:1      | Escaped the Abyss
   353 | D:1      | Reached XP level 2. HP: 17/24 MP: 3/3
   582 | D:1      | Reached * piety under Lugonu
   588 | D:1      | Reached XP level 3. HP: 21/29 MP: 4/4
  1843 | D:2      | Reached XP level 4. HP: 37/37 MP: 5/5
  2367 | D:1      | HP: 1/37 [adder (2)]
  2368 | D:1      | Succumbed to an adder's poison

Illustrated notes

Levels and vault maps discovered:
D:1:      mainiacjoe_arrival_reflecting_pool, layout_basic, hex_intersection,
          minmay_tetromino_t4
D:2:      layout_loops_ring, serial_bayou_pond_c

Skill      XL: |  1  2  3  4 |
---------------+-------------+-----
Axes           | 3 |  3.4
Armour         | 3 |  3.0
Fighting       | |  3.9
Dodging        | |  0.8
Invocations    | |  2.1

Action                   |  1- 3 |  4- 6 || total
-------------------------+-------+-------++-------
Melee: Hand axe          |   102 |    42 ||   144
       Whip              |     6 |       ||     6
Invok: Depart the Abyss  |     1 |       ||     1
 Abil: Dig               |     1 |       ||     1
  Use: Potion            |       |     2 ||     2
Armor: Leather armour    |    32 |    13 ||    45
Dodge: Dodged            |    84 |    23 ||   107

Table legend: (Time is in decaauts)
 A = Elapsed time spent in this place.
 B = Non-inter-level travel time spent in this place.
 C = Inter-level travel time spent in this place.
 D = Time resting spent in this place.
 E = Time spent auto-exploring this place.
 F = Levels seen in this place.
 G = Mean time per level.
                   A        B        C        D        E       F      G
               +--------+--------+--------+--------+--------+-----+--------+
         Total |   2391 |   2341 |     50 |    754 |   1112 |   3 |  797.0 |
       Dungeon |   2307 |   2257 |     50 |    754 |   1112 |   2 | 1153.5 |
         Abyss |     83 |     83 |      0 |      0 |      0 |   1 |   83.0 |
               +--------+--------+--------+--------+--------+-----+--------+

Top non-repeatable levels by time:
     D:1: 1459 daAuts
     D:2: 847 daAuts
 Abyss:1: 83 daAuts
